Mulligans vs Atomiques
Created - February 24, 2018 at 22:56
Goals
|
Mulligans |
0 |
5 |
1 |
6 |
Atomiques |
1 |
0 |
2 |
3 |
|
Shots
|
Mulligans |
8 |
16 |
11 |
35 |
Atomiques |
13 |
8 |
19 |
40 |
|
1st period
1. Atomiques , Shayne Gostisbehere 7 (Jonas Junland 15) at 16:37
Penalties :
Christoph Bertschy (Rep) for Interference (Minor) at 9:53
2nd period
2. Mulligans , Maxime Macenauer 21 (Benn Ferriero 14) at 3:30
3. Mulligans , Matt Beleskey 15 (Anton Lander 21, Matt Donovan 35) at 5:51
4. Mulligans , Anton Lander 20 (Matt Beleskey 21, Logan Shaw 18) at 10:08
5. Mulligans , Matt Donovan 5 (Anton Lander 22) at 11:59
6. Mulligans , Anton Lander 21 (Thomas Hickey 29, Matt Beleskey 22) at 13:49
Penalties :
Brock McGinn (STB) for Holding (Minor) at 1:12, Dalton Thrower (Rep) for Hooking (Minor) at 15:39
3rd period
7. Atomiques , Andrew Kozek 15 (Andreas Engqvist 10, Brett Sutter 26) at 2:16
8. Atomiques , Andrew Kozek 16 (Andreas Engqvist 11, Mitch Callahan 4) at 14:28
9. Mulligans , Eric Tangradi 36 (Matt Niskanen 31, Nick Bonino 39) at 14:44
Penalties :
Brett Sutter (STB) for Hooking (Minor) at 4:18
Goalie Stats
Calvin Pickard (Rep), 37 saves from 40 shots - (0.925), W, 6-5-0, 60:00 minutes
Sergei Bobrovsky (STB), 12 saves from 13 shots - (0.923), 26:11 minutes
Jeremy Smith (STB), 17 saves from 22 shots - (0.773), L, 5-7-0, 33:49 minutes
Players Stats for Mulligans
Player Name G A P +/- PIM S H SB GA TA FO MP PP MP PK MP
------------------------------------------------------------------------------------
Anton Lander 2 2 4 3 0 5 3 2 0 0 4/8 18:05 1:47 1:23
Ben Hutton 0 0 0 1 0 0 1 0 0 0 0/0 10:35 0:00 0:00
Benn Ferriero 0 1 1 0 0 1 2 0 1 0 0/0 11:41 0:10 0:00
Cade Fairchild 0 0 0 1 0 0 0 1 0 1 0/0 10:35 0:00 0:00
Christoph Bertschy 0 0 0 -1 2 3 0 0 0 1 2/4 8:47 0:10 0:00
Cody Goloubef 0 0 0 0 0 1 2 1 0 0 0/0 17:22 1:18 1:41
Dalton Thrower 0 0 0 0 2 0 0 1 0 0 0/0 6:23 0:00 0:00
Darren Dietz 0 0 0 0 0 0 0 1 0 0 0/0 6:23 0:00 0:00
Drayson Bowman 0 0 0 0 0 2 1 0 1 0 0/0 11:21 0:00 0:00
Eric Tangradi 1 0 1 1 0 4 0 0 3 1 0/0 21:49 2:01 1:54
Jonathan Tremblay 0 0 0 1 0 3 2 1 0 0 2/2 20:16 2:01 1:05
Joonas Donskoi 0 0 0 -1 0 0 1 0 0 0 0/0 8:32 0:10 0:00
Logan Shaw 0 1 1 3 0 1 5 0 0 0 0/0 17:52 1:47 0:55
Matt Beleskey 1 2 3 3 0 5 3 0 0 0 0/1 16:41 1:47 0:00
Matt Donovan 1 1 2 0 0 1 1 7 2 0 0/0 17:22 1:18 1:41
Matt Niskanen 0 1 1 2 0 1 0 2 1 1 0/0 25:40 2:40 2:17
Maxime Macenauer 1 0 1 0 0 3 2 0 0 1 3/4 11:21 0:00 0:00
Nick Bonino 0 1 1 1 0 2 1 0 0 0 17/31 21:10 2:01 1:59
Reid Boucher 0 0 0 -1 0 0 0 0 0 0 0/0 8:25 0:00 0:40
Thomas Hickey 0 1 1 2 0 3 1 1 0 0 0/0 25:40 2:40 2:17
Players Stats for Atomiques
Player Name G A P +/- PIM S H SB GA TA FO MP PP MP PK MP
------------------------------------------------------------------------------------
Andreas Engqvist 0 2 2 -1 0 3 3 0 0 0 2/5 13:32 0:00 0:56
Andrew Kozek 2 0 2 0 0 3 1 0 0 1 0/0 13:46 0:00 1:40
Bobby Farnham 0 0 0 -2 0 0 2 0 0 0 0/1 16:44 1:46 0:00
Brett Sutter 0 1 1 -2 2 3 1 0 0 0 4/9 17:03 1:46 0:09
Brock McGinn 0 0 0 0 2 1 0 0 0 0 0/0 8:58 0:00 0:00
Colby Cohen 0 0 0 -1 0 0 1 1 0 2 0/0 10:56 0:00 0:00
Corey Tropp 0 0 0 -1 0 5 0 0 0 0 2/2 17:50 2:00 0:00
Darren Kramer 0 0 0 1 0 1 0 0 0 0 1/5 9:00 0:00 0:20
Dwight King 0 0 0 -1 0 6 4 0 2 0 2/4 19:47 2:00 1:57
Eric Gustafsson 0 0 0 1 0 0 0 0 0 0 0/0 4:48 0:00 0:00
Eric Mestery 0 0 0 -1 0 0 0 1 0 0 0/0 10:56 0:00 0:00
Fredrik Claesson 0 0 0 0 0 0 0 0 0 0 0/0 0:00 0:00 0:00
John Draeger 0 0 0 1 0 0 0 0 0 0 0/0 4:48 0:00 0:00
Jonas Junland 0 1 1 -1 0 1 2 0 0 1 0/0 19:38 1:40 1:42
Joseph Cramarossa 0 0 0 0 0 0 0 0 0 0 0/0 0:12 0:12 0:00
Kenndal McArdle 0 0 0 -2 0 6 1 0 0 0 0/0 18:39 1:46 1:55
Kyle Wharton 0 0 0 -2 0 1 1 0 0 1 0/0 24:38 2:18 2:16
Marc-André Cliche 0 0 0 -1 0 2 0 0 1 0 11/24 18:45 2:12 0:43
Max McCormick 0 0 0 1 0 0 0 0 0 0 0/0 8:40 0:00 0:00
Mike Halmo 0 0 0 -1 0 0 0 0 0 0 0/0 0:58 0:12 0:16
Mitch Callahan 0 1 1 0 0 0 1 0 0 0 0/0 12:06 0:00 0:00
Shayne Gostisbehere 1 0 1 -1 0 7 0 0 0 2 0/0 19:38 1:40 1:42
Steve McCarthy 0 0 0 -2 0 1 1 1 2 1 0/0 24:38 2:18 2:16
3 Stars
1 - Anton Lander (Rep)
2 - Matt Beleskey (Rep)
3 - Matt Donovan (Rep)
Power Play
Mulligans - 0 on 2 Attempt(s) - 0.00%
Atomiques - 0 on 2 Attempt(s) - 0.00%
Penalty Kill
Mulligans - 2 on 2 Attempt(s) - 100.00%
- Score 0 goal in Penalty Kill
Atomiques - 2 on 2 Attempt(s) - 100.00%
- Score 0 goal in Penalty Kill
Team Stat
Mulligans - Hits : 25 - Faceoff Wins : 28 - Blocked Shots : 17 - Penalty Minutes : 4
Atomiques - Hits : 18 - Faceoff Wins : 22 - Blocked Shots : 3 - Penalty Minutes : 4
Official
Referees : Joannette Marc and StPierre Justin
Linesman : Scott Driscoll and Mark Wheler
Game Notes
Sergei Bobrovsky enters game at 13:49 of 2nd period
Finance
Level 1 -- Attendance: 1611 (80.55%) -- Ticket Income $64,440
Level 2 -- Attendance: 697 (69.70%) -- Ticket Income $13,940
Total Attendance: 2308 (76.93%)
Total Ticket Income: $78,380
Other Income: $3,919
Total Income: $82,299
Mulligans
5 vs 5 Forward
Center Left Wing Right Wing Time % Phy DF OF
1 Nick Bonino Eric Tangradi Jonathan Tremblay 40 0 2 3
2 Anton Lander Matt Beleskey Logan Shaw 30 0 2 3
3 Maxime Macenauer Drayson Bowman Benn Ferriero 20 0 2 3
4 Christoph Bertschy Reid Boucher Joonas Donskoi 10 0 2 3
5 vs 5 Defense
Defense Defense Time % Phy DF OF
1 Thomas Hickey Matt Niskanen 40 0 3 2
2 Matt Donovan Cody Goloubef 30 0 3 2
3 Cade Fairchild Ben Hutton 20 0 3 2
4 Darren Dietz Dalton Thrower 10 0 3 2
PowerPlay Forward
Center Left Wing Right Wing Time % Phy DF OF
1 Nick Bonino Eric Tangradi Jonathan Tremblay 60 0 1 4
2 Anton Lander Matt Beleskey Logan Shaw 40 0 1 4
PowerPlay Defense
Defense Defense Time % Phy DF OF
1 Thomas Hickey Matt Niskanen 60 0 2 3
2 Matt Donovan Cody Goloubef 40 0 2 3
Penalty Kill 4 Players Forward
Center Wing Time % Phy DF OF
1 Nick Bonino Eric Tangradi 60 1 2 2
2 Jonathan Tremblay Anton Lander 40 1 2 2
Penalty Kill 4 Players Defense
Defense Defense Time % Phy DF OF
1 Thomas Hickey Matt Niskanen 60 1 4 0
2 Matt Donovan Cody Goloubef 40 1 4 0
Penalty Kill - 3 Players Forward
Forward Time % Phy DF OF
1 Nick Bonino 60 1 3 1
2 Eric Tangradi 40 1 3 1
Penalty Kill - 3 Players Defense
Defense Defense Time % Phy DF OF
1 Thomas Hickey Matt Niskanen 60 1 4 0
2 Matt Donovan Cody Goloubef 40 1 4 0
4 vs 4 Forward
Center Wing Time % Phy DF OF
1 Nick Bonino Eric Tangradi 60 1 2 2
2 Jonathan Tremblay Anton Lander 40 1 2 2
4 vs 4 Defense
Defense Defense Time % Phy DF OF
1 Thomas Hickey Matt Niskanen 60 1 2 2
2 Matt Donovan Cody Goloubef 40 1 2 2
Last Minutes Offensive
Center Left Wing Right Wing Defense Defense
Nick Bonino Eric Tangradi Jonathan Tremblay Thomas Hickey Matt Niskanen
Last Minutes Defensive
Center Left Wing Right Wing Defense Defense
Nick Bonino Eric Tangradi Jonathan Tremblay Thomas Hickey Matt Niskanen
Goaltenders
Starting : Calvin Pickard
Backup : Anders Lindback
Extra Forwards
Normal : Joonas Donskoi, Christoph Bertschy, Logan Shaw - PP : Joonas Donskoi, Christoph Bertschy - PK : Logan Shaw
Extra Defensemen
Normal : Cade Fairchild, Ben Hutton, Darren Dietz - PP : Cade Fairchild - PK : Ben Hutton, Darren Dietz
Penalty Shots
Nick Bonino, Eric Tangradi, Jonathan Tremblay, Anton Lander, Maxime Macenauer
Scratches
Sven Baertschi (Healthy), Nick Shore (Healthy), Mario Lucia (Healthy), Adam Lowry (Healthy), Derek Dorsett (Healthy)
Marek Langhamer (Healthy)
Atomiques
5 vs 5 Forward
Center Left Wing Right Wing Time % Phy DF OF
1 Marc-André Cliche Dwight King Corey Tropp 40 1 2 2
2 Brett Sutter Kenndal McArdle Bobby Farnham 30 1 2 2
3 Andreas Engqvist Andrew Kozek Mitch Callahan 20 1 2 2
4 Darren Kramer Brock McGinn Max McCormick 10 1 2 2
5 vs 5 Defense
Defense Defense Time % Phy DF OF
1 Steve McCarthy Kyle Wharton 40 1 2 2
2 Jonas Junland Shayne Gostisbehere 30 1 2 2
3 Colby Cohen Eric Mestery 20 1 2 2
4 Eric Gustafsson John Draeger 10 1 2 2
PowerPlay Forward
Center Left Wing Right Wing Time % Phy DF OF
1 Marc-André Cliche Dwight King Corey Tropp 60 1 2 2
2 Brett Sutter Kenndal McArdle Bobby Farnham 40 1 2 2
PowerPlay Defense
Defense Defense Time % Phy DF OF
1 Steve McCarthy Kyle Wharton 60 1 2 2
2 Jonas Junland Shayne Gostisbehere 40 1 2 2
Penalty Kill 4 Players Forward
Center Wing Time % Phy DF OF
1 Dwight King Kenndal McArdle 60 1 2 2
2 Marc-André Cliche Andrew Kozek 40 1 2 2
Penalty Kill 4 Players Defense
Defense Defense Time % Phy DF OF
1 Steve McCarthy Kyle Wharton 60 1 2 2
2 Jonas Junland Shayne Gostisbehere 40 1 2 2
Penalty Kill - 3 Players Forward
Forward Time % Phy DF OF
1 Dwight King 60 1 2 2
2 Kenndal McArdle 40 1 2 2
Penalty Kill - 3 Players Defense
Defense Defense Time % Phy DF OF
1 Steve McCarthy Kyle Wharton 60 1 2 2
2 Jonas Junland Shayne Gostisbehere 40 1 2 2
4 vs 4 Forward
Center Wing Time % Phy DF OF
1 Dwight King Kenndal McArdle 60 1 2 2
2 Marc-André Cliche Andrew Kozek 40 1 2 2
4 vs 4 Defense
Defense Defense Time % Phy DF OF
1 Steve McCarthy Kyle Wharton 60 1 2 2
2 Jonas Junland Shayne Gostisbehere 40 1 2 2
Last Minutes Offensive
Center Left Wing Right Wing Defense Defense
Marc-André Cliche Dwight King Corey Tropp Steve McCarthy Kyle Wharton
Last Minutes Defensive
Center Left Wing Right Wing Defense Defense
Marc-André Cliche Dwight King Corey Tropp Steve McCarthy Kyle Wharton
Goaltenders
Starting : Jeremy Smith
Backup : Sergei Bobrovsky
Extra Forwards
Normal : Joseph Cramarossa, Mike Halmo, Andreas Engqvist - PP : Joseph Cramarossa, Mike Halmo - PK : Andreas Engqvist
Extra Defensemen
Normal : Fredrik Claesson, Colby Cohen, Eric Mestery - PP : Fredrik Claesson - PK : Colby Cohen, Eric Mestery
Penalty Shots
Dwight King, Kenndal McArdle, Marc-André Cliche, Andrew Kozek, Corey Tropp
Scratches
Tyler Brenner (Strained Left Elbow Injury), Anthony Nigro (Back Spasms Injury), Francois Tremblay (Healthy)
% Time on Ice - Mulligans
Lines # - Real PCT - Wanted PCT - Time Play
Normal Forward
1 - 35% - 40% - 18:05
2 - 29% - 30% - 14:54
3 - 22% - 20% - 11:21
4 - 15% - 10% - 7:44
Normal Defense
1 - 40% - 40% - 20:43
2 - 28% - 30% - 14:23
3 - 20% - 20% - 10:35
4 - 12% - 10% - 6:23
PP Forward
1 - 55% - 60% - 2:11
2 - 45% - 40% - 1:47
PP Defense
1 - 67% - 60% - 2:40
2 - 33% - 40% - 1:18
PK Forward
1 - 73% - 60% - 2:53
2 - 27% - 40% - 1:05
PK Defense
1 - 58% - 60% - 2:17
2 - 42% - 40% - 1:41
PK3 Forward
1 - 0% - 60%
2 - 0% - 40%
PK3 Defense
1 - 0% - 60%
2 - 0% - 40%
44 Forward
1 - 0% - 60%
2 - 0% - 40%
44 Defense
1 - 0% - 60%
2 - 0% - 40%
Last Minute Offensive - 0:00
Last Minute Defensive - 0:00
Total
Forward - 60:00
Defense - 60:00
|
% Time on Ice - Atomiques
Lines # - Real PCT - Wanted PCT - Time Play
Normal Forward
1 - 31% - 40% - 16:20
2 - 29% - 30% - 14:58
3 - 23% - 20% - 12:06
4 - 17% - 10% - 8:40
Normal Defense
1 - 39% - 40% - 20:04
2 - 31% - 30% - 16:16
3 - 21% - 20% - 10:56
4 - 9% - 10% - 4:48
PP Forward
1 - 55% - 60% - 2:12
2 - 45% - 40% - 1:46
PP Defense
1 - 58% - 60% - 2:18
2 - 42% - 40% - 1:40
PK Forward
1 - 82% - 60% - 3:15
2 - 18% - 40% - 0:43
PK Defense
1 - 57% - 60% - 2:16
2 - 43% - 40% - 1:42
PK3 Forward
1 - 0% - 60%
2 - 0% - 40%
PK3 Defense
1 - 0% - 60%
2 - 0% - 40%
44 Forward
1 - 0% - 60%
2 - 0% - 40%
44 Defense
1 - 0% - 60%
2 - 0% - 40%
Last Minute Offensive - 0:00
Last Minute Defensive - 0:00
Total
Forward - 60:00
Defense - 60:00
|
Play by Play
1st period
0:01 of 1st period - Corey Tropp wins face-off versus Nick Bonino in neutral zone.
0:16 of 1st period - Snap shot by Marc-André Cliche.
0:16 of 1st period - Shot Misses the Net.
0:26 of 1st period - Matt Niskanen is hit by Steve McCarthy and loses puck.
1:22 of 1st period - Andrew Kozek is hit by Joonas Donskoi and loses puck.
1:40 of 1st period - Snap shot by Marc-André Cliche.
1:40 of 1st period - Stopped by Calvin Pickard with a rebound.
1:42 of 1st period - Slapshot by Shayne Gostisbehere.
1:42 of 1st period - Stopped by Calvin Pickard with a rebound.
1:44 of 1st period - Snap shot by Shayne Gostisbehere.
1:44 of 1st period - Shot Misses the Net.
1:46 of 1st period - Slapshot by Shayne Gostisbehere.
1:46 of 1st period - Shot Blocked by Matt Donovan.
2:48 of 1st period - Wrist shot by Christoph Bertschy.
2:48 of 1st period - Stopped by Jeremy Smith with a rebound.
2:50 of 1st period - Slapshot by Cade Fairchild.
2:50 of 1st period - Shot Misses the Net.
3:34 of 1st period - Wrist shot by Nick Bonino.
3:34 of 1st period - Stopped by Jeremy Smith with a rebound.
4:06 of 1st period - Wrist shot by Andreas Engqvist.
4:06 of 1st period - Stopped by Calvin Pickard with a rebound.
4:55 of 1st period - Icing by Nick Bonino.
4:56 of 1st period - Andreas Engqvist wins face-off versus Christoph Bertschy in Mulligans zone.
5:29 of 1st period - Wrist shot by Nick Bonino.
5:29 of 1st period - Deflect By Shayne Gostisbehere.
5:29 of 1st period - Shot Misses the Net.
5:29 of 1st period - Puck is out of play.
5:30 of 1st period - Nick Bonino wins face-off versus Brett Sutter in Atomiques zone.
5:37 of 1st period - Wrist shot by Eric Tangradi.
5:37 of 1st period - Shot Misses the Net.
5:45 of 1st period - Eric Tangradi is hit by Colby Cohen and loses puck.
6:03 of 1st period - Snap shot by Marc-André Cliche.
6:03 of 1st period - Shot Blocked by Matt Donovan.
6:09 of 1st period - Corey Tropp is hit by Matt Beleskey and loses puck.
6:32 of 1st period - Snap shot by Dwight King.
6:32 of 1st period - Shot Misses the Net.
6:35 of 1st period - Icing by Cade Fairchild.
6:36 of 1st period - Brett Sutter wins face-off versus Christoph Bertschy in Mulligans zone.
6:47 of 1st period - Snap shot by Brett Sutter.
6:47 of 1st period - Deflect By Kenndal McArdle.
6:47 of 1st period - Stopped by Calvin Pickard with a rebound.
7:03 of 1st period - Jonathan Tremblay is hit by Andreas Engqvist.
7:25 of 1st period - Wrist shot by Jonathan Tremblay.
7:25 of 1st period - Stopped by Jeremy Smith with a rebound.
7:51 of 1st period - Corey Tropp is hit by Benn Ferriero.
8:46 of 1st period - Off-side.
8:47 of 1st period - Darren Kramer wins face-off versus Anton Lander in neutral zone.
8:52 of 1st period - Wrist shot by Brock McGinn.
8:52 of 1st period - Stopped by Calvin Pickard with a rebound.
9:22 of 1st period - Wrist shot by Dwight King.
9:22 of 1st period - Shot Misses the Net.
9:53 of 1st period - Minor Penalty to Christoph Bertschy for Interference.
9:54 of 1st period - Nick Bonino wins face-off versus Marc-André Cliche in Mulligans zone.
9:57 of 1st period - Snap shot by Dwight King.
9:57 of 1st period - Shot Blocked by Matt Niskanen.
9:59 of 1st period - Slapshot by Kyle Wharton.
9:59 of 1st period - Stopped by Calvin Pickard with a rebound.
11:53 of 1st period - Penalty to Christoph Bertschy is over, Christoph Bertschy is back on ice.
12:01 of 1st period - Slapshot by Andreas Engqvist.
12:01 of 1st period - Shot Misses the Net.
12:07 of 1st period - Wrist shot by Andreas Engqvist.
12:07 of 1st period - Shot Blocked by Matt Donovan.
12:36 of 1st period - Snap shot by Logan Shaw.
12:36 of 1st period - Deflect By Christoph Bertschy.
12:36 of 1st period - Shot Blocked by Colby Cohen.
12:36 of 1st period - Puck is out of play.
12:37 of 1st period - Maxime Macenauer wins face-off versus Andreas Engqvist in Atomiques zone.
13:14 of 1st period - Off-side.
13:15 of 1st period - Marc-André Cliche wins face-off versus Matt Beleskey in neutral zone.
13:40 of 1st period - Brett Sutter is hit by Drayson Bowman and loses puck.
13:49 of 1st period - Thomas Hickey is hit by Bobby Farnham and loses puck.
14:17 of 1st period - Snap shot by Matt Beleskey.
14:17 of 1st period - Stopped by Jeremy Smith without a rebound.
14:18 of 1st period - Anton Lander wins face-off versus Darren Kramer in Atomiques zone.
14:35 of 1st period - Snap shot by Logan Shaw.
14:35 of 1st period - Shot Misses the Net.
14:37 of 1st period - Snap shot by Cody Goloubef.
14:37 of 1st period - Stopped by Jeremy Smith with a rebound.
14:53 of 1st period - Snap shot by Brock McGinn.
14:53 of 1st period - Deflect By Darren Kramer.
14:53 of 1st period - Stopped by Calvin Pickard without a rebound.
14:54 of 1st period - Corey Tropp wins face-off versus Nick Bonino in Mulligans zone.
14:57 of 1st period - Snap shot by Marc-André Cliche.
14:57 of 1st period - Shot Misses the Net.
14:59 of 1st period - Snap shot by Dwight King.
14:59 of 1st period - Deflect By Eric Tangradi.
14:59 of 1st period - Shot Misses the Net.
14:59 of 1st period - Puck is out of play.
15:00 of 1st period - Nick Bonino wins face-off versus Marc-André Cliche in Mulligans zone.
15:16 of 1st period - Wrist shot by Corey Tropp.
15:16 of 1st period - Stopped by Calvin Pickard with a rebound.
15:26 of 1st period - Snap shot by Kenndal McArdle.
15:26 of 1st period - Stopped by Calvin Pickard without a rebound.
15:27 of 1st period - Brett Sutter wins face-off versus Anton Lander in Mulligans zone.
15:36 of 1st period - Wrist shot by Kenndal McArdle.
15:36 of 1st period - Stopped by Calvin Pickard with a rebound.
15:38 of 1st period - Snap shot by Kenndal McArdle.
15:38 of 1st period - Stopped by Calvin Pickard with a rebound.
15:40 of 1st period - Slapshot by Bobby Farnham.
15:40 of 1st period - Shot Blocked by Thomas Hickey.
15:42 of 1st period - Snap shot by Brett Sutter.
15:42 of 1st period - Shot Misses the Net.
15:52 of 1st period - Jonathan Tremblay is hit by Dwight King and loses puck.
16:20 of 1st period - Benn Ferriero is hit by Jonas Junland and loses puck.
16:37 of 1st period - Snap shot by Shayne Gostisbehere.
16:37 of 1st period - Goal by Shayne Gostisbehere - Mulligans : 0 - Atomiques : 1.
16:38 of 1st period - Marc-André Cliche wins face-off versus Nick Bonino in neutral zone.
16:41 of 1st period - Snap shot by Steve McCarthy.
16:41 of 1st period - Deflect By Dwight King.
16:41 of 1st period - Stopped by Calvin Pickard with a rebound.
17:05 of 1st period - Brett Sutter is hit by Cody Goloubef and loses puck.
17:12 of 1st period - Slapshot by Kyle Wharton.
17:12 of 1st period - Deflect By Bobby Farnham.
17:12 of 1st period - Shot Blocked by Matt Donovan.
17:12 of 1st period - Puck is out of play.
17:13 of 1st period - Maxime Macenauer wins face-off versus Brett Sutter in Mulligans zone.
17:40 of 1st period - Wrist shot by Anton Lander.
17:40 of 1st period - Stopped by Jeremy Smith with a rebound.
18:00 of 1st period - Snap shot by Kenndal McArdle.
18:00 of 1st period - Shot Misses the Net.
18:04 of 1st period - Snap shot by Kenndal McArdle.
18:04 of 1st period - Deflect By Nick Bonino.
18:04 of 1st period - Shot Misses the Net.
18:04 of 1st period - Puck is out of play.
18:05 of 1st period - Jonathan Tremblay wins face-off versus Marc-André Cliche in Mulligans zone.
18:59 of 1st period - Slapshot by Cody Goloubef.
18:59 of 1st period - Shot Misses the Net.
19:13 of 1st period - Corey Tropp is hit by Maxime Macenauer and loses puck.
19:22 of 1st period - Backhand shot by Drayson Bowman.
19:22 of 1st period - Stopped by Jeremy Smith without a rebound.
19:23 of 1st period - Nick Bonino wins face-off versus Brett Sutter in Atomiques zone.
19:24 of 1st period - Wrist shot by Eric Tangradi.
19:24 of 1st period - Stopped by Jeremy Smith with a rebound.
19:36 of 1st period - Snap shot by Kenndal McArdle.
19:36 of 1st period - Shot Blocked by Dalton Thrower.
19:38 of 1st period - Slapshot by Steve McCarthy.
19:38 of 1st period - Shot Blocked by Darren Dietz.
19:48 of 1st period - Dwight King is hit by Logan Shaw.
Goals for this period are 0 for Mulligans vs 1 for Atomiques.
Shots for this period are 8 for Mulligans vs 13 for Atomiques.
2nd period
0:01 of 2nd period - Marc-André Cliche wins face-off versus Nick Bonino in neutral zone.
0:08 of 2nd period - Snap shot by Nick Bonino.
0:08 of 2nd period - Shot Blocked by Steve McCarthy.
0:10 of 2nd period - Snap shot by Jonathan Tremblay.
0:10 of 2nd period - Shot Misses the Net.
0:12 of 2nd period - Slapshot by Eric Tangradi.
0:12 of 2nd period - Shot Misses the Net.
0:14 of 2nd period - Snap shot by Nick Bonino.
0:14 of 2nd period - Deflect By Jonathan Tremblay.
0:14 of 2nd period - Stopped by Jeremy Smith with a rebound.
0:31 of 2nd period - Wrist shot by Kenndal McArdle.
0:31 of 2nd period - Shot Blocked by Anton Lander.
0:33 of 2nd period - Snap shot by Brett Sutter.
0:33 of 2nd period - Shot Blocked by Matt Donovan.
0:35 of 2nd period - Backhand shot by Kenndal McArdle.
0:35 of 2nd period - Shot Blocked by Matt Donovan.
0:49 of 2nd period - Slapshot by Andrew Kozek.
0:49 of 2nd period - Stopped by Calvin Pickard with a rebound.
1:12 of 2nd period - Minor Penalty to Brock McGinn for Holding.
1:13 of 2nd period - Nick Bonino wins face-off versus Dwight King in Atomiques zone.
1:13 of 2nd period - Wrist shot by Eric Tangradi.
1:13 of 2nd period - Stopped by Jeremy Smith with a rebound.
2:28 of 2nd period - Matt Donovan is hit by Andreas Engqvist and loses puck.
3:12 of 2nd period - Penalty to Brock McGinn is over, Brock McGinn is back on ice.
3:18 of 2nd period - Wrist shot by Benn Ferriero.
3:18 of 2nd period - Deflect By Shayne Gostisbehere.
3:18 of 2nd period - Stopped by Jeremy Smith with a rebound.
3:30 of 2nd period - Snap shot by Maxime Macenauer.
3:30 of 2nd period - Goal by Maxime Macenauer - Mulligans : 1 - Atomiques : 1.
3:31 of 2nd period - Marc-André Cliche wins face-off versus Nick Bonino in neutral zone.
3:58 of 2nd period - Kyle Wharton is hit by Maxime Macenauer and loses puck.
4:03 of 2nd period - Wrist shot by Drayson Bowman.
4:03 of 2nd period - Shot Misses the Net.
4:25 of 2nd period - Andrew Kozek is hit by Logan Shaw and loses puck.
5:09 of 2nd period - Slapshot by Thomas Hickey.
5:09 of 2nd period - Stopped by Jeremy Smith with a rebound.
5:11 of 2nd period - Slapshot by Thomas Hickey.
5:11 of 2nd period - Shot Misses the Net.
5:13 of 2nd period - Wrist shot by Jonathan Tremblay.
5:13 of 2nd period - Stopped by Jeremy Smith with a rebound.
5:25 of 2nd period - Bobby Farnham is hit by Cody Goloubef and loses puck.
5:51 of 2nd period - Snap shot by Matt Beleskey.
5:51 of 2nd period - Goal by Matt Beleskey - Mulligans : 2 - Atomiques : 1.
5:52 of 2nd period - Jonathan Tremblay wins face-off versus Marc-André Cliche in neutral zone.
6:02 of 2nd period - Snap shot by Jonathan Tremblay.
6:02 of 2nd period - Shot Misses the Net.
6:04 of 2nd period - Slapshot by Thomas Hickey.
6:04 of 2nd period - Stopped by Jeremy Smith without a rebound.
6:05 of 2nd period - Marc-André Cliche wins face-off versus Nick Bonino in Atomiques zone.
6:05 of 2nd period - Marc-André Cliche is hit by Nick Bonino.
6:17 of 2nd period - Snap shot by Corey Tropp.
6:17 of 2nd period - Stopped by Calvin Pickard with a rebound.
6:45 of 2nd period - Matt Beleskey is hit by Brett Sutter and loses puck.
7:04 of 2nd period - Benn Ferriero is hit by Mitch Callahan and loses puck.
7:34 of 2nd period - Slapshot by Eric Tangradi.
7:34 of 2nd period - Shot Misses the Net.
8:05 of 2nd period - Wrist shot by Kenndal McArdle.
8:05 of 2nd period - Stopped by Calvin Pickard with a rebound.
8:32 of 2nd period - Maxime Macenauer is hit by Jonas Junland and loses puck.
9:31 of 2nd period - Wrist shot by Matt Beleskey.
9:31 of 2nd period - Stopped by Jeremy Smith without a rebound.
9:32 of 2nd period - Nick Bonino wins face-off versus Marc-André Cliche in Atomiques zone.
9:39 of 2nd period - Snap shot by Eric Tangradi.
9:39 of 2nd period - Shot Misses the Net.
9:59 of 2nd period - Brett Sutter is hit by Anton Lander and loses puck.
10:06 of 2nd period - Wrist shot by Anton Lander.
10:06 of 2nd period - Shot Hit the Post.
10:08 of 2nd period - Snap shot by Anton Lander.
10:08 of 2nd period - Goal by Anton Lander - Mulligans : 3 - Atomiques : 1.
10:09 of 2nd period - Dwight King wins face-off versus Nick Bonino in neutral zone.
10:12 of 2nd period - Wrist shot by Corey Tropp.
10:12 of 2nd period - Deflect By Thomas Hickey.
10:12 of 2nd period - Stopped by Calvin Pickard with a rebound.
10:14 of 2nd period - Snap shot by Dwight King.
10:14 of 2nd period - Stopped by Calvin Pickard with a rebound.
10:16 of 2nd period - Snap shot by Corey Tropp.
10:16 of 2nd period - Stopped by Calvin Pickard with a rebound.
10:38 of 2nd period - Slapshot by Matt Niskanen.
10:38 of 2nd period - Stopped by Jeremy Smith with a rebound.
11:22 of 2nd period - Slapshot by Shayne Gostisbehere.
11:22 of 2nd period - Shot Misses the Net.
11:24 of 2nd period - Wrist shot by Shayne Gostisbehere.
11:24 of 2nd period - Stopped by Calvin Pickard with a rebound.
11:59 of 2nd period - Slapshot by Matt Donovan.
11:59 of 2nd period - Goal by Matt Donovan - Mulligans : 4 - Atomiques : 1.
12:00 of 2nd period - Marc-André Cliche wins face-off versus Nick Bonino in neutral zone.
13:10 of 2nd period - Snap shot by Christoph Bertschy.
13:10 of 2nd period - Stopped by Jeremy Smith without a rebound.
13:11 of 2nd period - Christoph Bertschy wins face-off versus Andreas Engqvist in Atomiques zone.
13:36 of 2nd period - Mitch Callahan is hit by Anton Lander and loses puck.
13:49 of 2nd period - Snap shot by Anton Lander.
13:49 of 2nd period - Goal by Anton Lander - Mulligans : 5 - Atomiques : 1.
13:49 of 2nd period - Sergei Bobrovsky enters game.
13:50 of 2nd period - Nick Bonino wins face-off versus Marc-André Cliche in neutral zone.
14:17 of 2nd period - Brett Sutter is hit by Anton Lander and loses puck.
15:00 of 2nd period - Wrist shot by Nick Bonino.
15:00 of 2nd period - Shot Misses the Net.
15:04 of 2nd period - Snap shot by Eric Tangradi.
15:04 of 2nd period - Shot Misses the Net.
15:24 of 2nd period - Mitch Callahan is hit by Logan Shaw and loses puck.
15:39 of 2nd period - Minor Penalty to Dalton Thrower for Hooking.
15:40 of 2nd period - Nick Bonino wins face-off versus Marc-André Cliche in Mulligans zone.
15:56 of 2nd period - Wrist shot by Dwight King.
15:56 of 2nd period - Stopped by Calvin Pickard with a rebound.
16:14 of 2nd period - Nick Bonino is hit by Kenndal McArdle and loses puck.
17:39 of 2nd period - Penalty to Dalton Thrower is over, Dalton Thrower is back on ice.
17:45 of 2nd period - Cade Fairchild is hit by Andreas Engqvist and loses puck.
18:30 of 2nd period - Slapshot by Anton Lander.
18:30 of 2nd period - Stopped by Sergei Bobrovsky without a rebound.
18:31 of 2nd period - Nick Bonino wins face-off versus Darren Kramer in Atomiques zone.
19:03 of 2nd period - Slapshot by Shayne Gostisbehere.
19:03 of 2nd period - Shot Blocked by Cody Goloubef.
19:19 of 2nd period - Slapshot by Benn Ferriero.
19:19 of 2nd period - Shot Misses the Net.
19:42 of 2nd period - Snap shot by Maxime Macenauer.
19:42 of 2nd period - Stopped by Sergei Bobrovsky with a rebound.
19:44 of 2nd period - Wrist shot by Drayson Bowman.
19:44 of 2nd period - Shot Misses the Net.
19:54 of 2nd period - Colby Cohen is hit by Benn Ferriero and loses puck.
19:59 of 2nd period - Snap shot by Benn Ferriero.
19:59 of 2nd period - Shot Blocked by Eric Mestery.
Goals for this period are 5 for Mulligans vs 0 for Atomiques.
Shots for this period are 16 for Mulligans vs 8 for Atomiques.
3rd period
0:01 of 3rd period - Nick Bonino wins face-off versus Marc-André Cliche in neutral zone.
0:26 of 3rd period - Bobby Farnham is hit by Matt Beleskey and loses puck.
1:07 of 3rd period - Slapshot by Steve McCarthy.
1:07 of 3rd period - Stopped by Calvin Pickard with a rebound.
1:09 of 3rd period - Snap shot by Steve McCarthy.
1:09 of 3rd period - Deflect By Max McCormick.
1:09 of 3rd period - Shot Blocked by Matt Donovan.
1:09 of 3rd period - Puck is out of play.
1:10 of 3rd period - Christoph Bertschy wins face-off versus Darren Kramer in Mulligans zone.
1:29 of 3rd period - Wrist shot by Christoph Bertschy.
1:29 of 3rd period - Stopped by Sergei Bobrovsky without a rebound.
1:30 of 3rd period - Nick Bonino wins face-off versus Marc-André Cliche in Atomiques zone.
1:57 of 3rd period - Brett Sutter is hit by Thomas Hickey and loses puck.
2:16 of 3rd period - Slapshot by Andrew Kozek.
2:16 of 3rd period - Goal by Andrew Kozek - Mulligans : 5 - Atomiques : 2.
2:17 of 3rd period - Nick Bonino wins face-off versus Marc-André Cliche in neutral zone.
2:47 of 3rd period - Kenndal McArdle is hit by Logan Shaw and loses puck.
3:50 of 3rd period - Dwight King is hit by Jonathan Tremblay and loses puck.
4:07 of 3rd period - Wrist shot by Brett Sutter.
4:07 of 3rd period - Stopped by Calvin Pickard without a rebound.
4:08 of 3rd period - Anton Lander wins face-off versus Bobby Farnham in Mulligans zone.
4:08 of 3rd period - Anton Lander is hit by Bobby Farnham.
4:16 of 3rd period - Wrist shot by Anton Lander.
4:16 of 3rd period - Stopped by Sergei Bobrovsky with a rebound.
4:18 of 3rd period - Minor Penalty to Brett Sutter for Hooking.
4:19 of 3rd period - Dwight King wins face-off versus Nick Bonino in Atomiques zone.
5:09 of 3rd period - Logan Shaw is hit by Andrew Kozek and loses puck.
5:26 of 3rd period - Eric Tangradi is hit by Kyle Wharton and loses puck.
6:18 of 3rd period - Penalty to Brett Sutter is over, Brett Sutter is back on ice.
6:21 of 3rd period - Steve McCarthy is hit by Logan Shaw and loses puck.
6:32 of 3rd period - Wrist shot by Steve McCarthy.
6:32 of 3rd period - Deflect By Max McCormick.
6:32 of 3rd period - Shot Blocked by Matt Niskanen.
6:32 of 3rd period - Puck is out of play.
6:33 of 3rd period - Maxime Macenauer wins face-off versus Darren Kramer in Mulligans zone.
6:38 of 3rd period - Slapshot by Cade Fairchild.
6:38 of 3rd period - Shot Misses the Net.
6:56 of 3rd period - Corey Tropp is hit by Ben Hutton.
7:15 of 3rd period - Icing by Eric Tangradi.
7:16 of 3rd period - Andreas Engqvist wins face-off versus Nick Bonino in Mulligans zone.
7:25 of 3rd period - Snap shot by Andreas Engqvist.
7:25 of 3rd period - Stopped by Calvin Pickard with a rebound.
7:27 of 3rd period - Slapshot by Steve McCarthy.
7:27 of 3rd period - Shot Blocked by Jonathan Tremblay.
7:50 of 3rd period - Wrist shot by Dwight King.
7:50 of 3rd period - Deflect By Marc-André Cliche.
7:50 of 3rd period - Shot Blocked by Anton Lander.
7:50 of 3rd period - Puck is out of play.
7:51 of 3rd period - Brett Sutter wins face-off versus Nick Bonino in Mulligans zone.
7:52 of 3rd period - Slapshot by Shayne Gostisbehere.
7:52 of 3rd period - Stopped by Calvin Pickard with a rebound.
7:54 of 3rd period - Slapshot by Kenndal McArdle.
7:54 of 3rd period - Deflect By Cody Goloubef.
7:54 of 3rd period - Stopped by Calvin Pickard with a rebound.
7:56 of 3rd period - Snap shot by Brett Sutter.
7:56 of 3rd period - Stopped by Calvin Pickard with a rebound.
7:58 of 3rd period - Slapshot by Shayne Gostisbehere.
7:58 of 3rd period - Stopped by Calvin Pickard with a rebound.
8:00 of 3rd period - Wrist shot by Brett Sutter.
8:00 of 3rd period - Stopped by Calvin Pickard without a rebound.
8:01 of 3rd period - Nick Bonino wins face-off versus Brett Sutter in Mulligans zone.
8:06 of 3rd period - Shayne Gostisbehere is hit by Jonathan Tremblay.
8:13 of 3rd period - Icing by Kenndal McArdle.
8:14 of 3rd period - Brett Sutter wins face-off versus Nick Bonino in Atomiques zone.
9:31 of 3rd period - Slapshot by Shayne Gostisbehere.
9:31 of 3rd period - Deflect By Matt Niskanen.
9:31 of 3rd period - Stopped by Calvin Pickard without a rebound.
9:32 of 3rd period - Marc-André Cliche wins face-off versus Anton Lander in Mulligans zone.
9:39 of 3rd period - Snap shot by Marc-André Cliche.
9:39 of 3rd period - Stopped by Calvin Pickard with a rebound.
9:41 of 3rd period - Snap shot by Dwight King.
9:41 of 3rd period - Stopped by Calvin Pickard without a rebound.
9:42 of 3rd period - Anton Lander wins face-off versus Dwight King in Mulligans zone.
9:44 of 3rd period - Icing by Cody Goloubef.
9:45 of 3rd period - Anton Lander wins face-off versus Marc-André Cliche in Mulligans zone.
9:54 of 3rd period - Snap shot by Logan Shaw.
9:54 of 3rd period - Shot Misses the Net.
10:02 of 3rd period - Dwight King is hit by Matt Beleskey and loses puck.
11:02 of 3rd period - Off-side.
11:03 of 3rd period - Nick Bonino wins face-off versus Marc-André Cliche in neutral zone.
12:13 of 3rd period - Slapshot by Dwight King.
12:13 of 3rd period - Stopped by Calvin Pickard with a rebound.
12:17 of 3rd period - Snap shot by Dwight King.
12:17 of 3rd period - Stopped by Calvin Pickard with a rebound.
12:19 of 3rd period - Wrist shot by Dwight King.
12:19 of 3rd period - Deflect By Corey Tropp.
12:19 of 3rd period - Stopped by Calvin Pickard with a rebound.
13:08 of 3rd period - Wrist shot by Andreas Engqvist.
13:08 of 3rd period - Shot Misses the Net.
13:10 of 3rd period - Wrist shot by Andreas Engqvist.
13:10 of 3rd period - Stopped by Calvin Pickard without a rebound.
13:11 of 3rd period - Nick Bonino wins face-off versus Marc-André Cliche in Mulligans zone.
13:11 of 3rd period - Nick Bonino is hit by Dwight King.
13:58 of 3rd period - Snap shot by Drayson Bowman.
13:58 of 3rd period - Stopped by Sergei Bobrovsky with a rebound.
14:00 of 3rd period - Snap shot by Maxime Macenauer.
14:00 of 3rd period - Stopped by Sergei Bobrovsky without a rebound.
14:01 of 3rd period - Nick Bonino wins face-off versus Andreas Engqvist in Atomiques zone.
14:26 of 3rd period - Wrist shot by Andreas Engqvist.
14:26 of 3rd period - Shot Blocked by Cade Fairchild.
14:28 of 3rd period - Wrist shot by Andrew Kozek.
14:28 of 3rd period - Goal by Andrew Kozek - Mulligans : 5 - Atomiques : 3.
14:29 of 3rd period - Marc-André Cliche wins face-off versus Nick Bonino in neutral zone.
14:42 of 3rd period - Snap shot by Nick Bonino.
14:42 of 3rd period - Stopped by Sergei Bobrovsky with a rebound.
14:44 of 3rd period - Slapshot by Matt Niskanen.
14:44 of 3rd period - Deflect By Eric Tangradi.
14:44 of 3rd period - Goal by Eric Tangradi - Mulligans : 6 - Atomiques : 3.
14:45 of 3rd period - Marc-André Cliche wins face-off versus Nick Bonino in neutral zone.
14:48 of 3rd period - Eric Tangradi is hit by Dwight King and loses puck.
15:20 of 3rd period - Wrist shot by Matt Beleskey.
15:20 of 3rd period - Stopped by Sergei Bobrovsky with a rebound.
15:22 of 3rd period - Snap shot by Matt Beleskey.
15:22 of 3rd period - Stopped by Sergei Bobrovsky with a rebound.
15:24 of 3rd period - Slapshot by Thomas Hickey.
15:24 of 3rd period - Stopped by Sergei Bobrovsky without a rebound.
15:25 of 3rd period - Marc-André Cliche wins face-off versus Maxime Macenauer in Atomiques zone.
15:25 of 3rd period - Marc-André Cliche is hit by Matt Donovan.
15:31 of 3rd period - Drayson Bowman is hit by Dwight King and loses puck.
16:40 of 3rd period - Wrist shot by Darren Kramer.
16:40 of 3rd period - Shot Misses the Net.
16:56 of 3rd period - Wrist shot by Eric Tangradi.
16:56 of 3rd period - Shot Misses the Net.
17:45 of 3rd period - Icing by Darren Dietz.
17:46 of 3rd period - Marc-André Cliche wins face-off versus Anton Lander in Mulligans zone.
18:17 of 3rd period - Slapshot by Logan Shaw.
18:17 of 3rd period - Stopped by Sergei Bobrovsky without a rebound.
18:18 of 3rd period - Nick Bonino wins face-off versus Brett Sutter in Atomiques zone.
18:19 of 3rd period - Snap shot by Eric Tangradi.
18:19 of 3rd period - Stopped by Sergei Bobrovsky with a rebound.
19:13 of 3rd period - Slapshot by Shayne Gostisbehere.
19:13 of 3rd period - Stopped by Calvin Pickard with a rebound.
19:15 of 3rd period - Slapshot by Brock McGinn.
19:15 of 3rd period - Shot Misses the Net.
19:17 of 3rd period - Slapshot by Jonas Junland.
19:17 of 3rd period - Stopped by Calvin Pickard with a rebound.
Goals for this period are 1 for Mulligans vs 2 for Atomiques.
Shots for this period are 11 for Mulligans vs 19 for Atomiques.
Back to the Top